 Dungeon Crawl Stone Soup version 0.27-a0-705-ga0013940fb (webtiles) character file.

Game seed: 8811910769202571356

14 jasper the Sneak (level 2, -14/24 HPs)
             Began as a Demonspawn Delver on Mar 22, 2021.
             Killed from afar by Ijyb (22 damage)
             ... with a bolt of acid
             ... on level 5 of the Dungeon.
             The game lasted 00:02:08 (908 turns).

jasper the Sneak (Demonspawn Delver)                 Turns: 908, Time: 00:02:09

Health: -14/24     AC:  2    Str: 12    XL:     2   Next: 27%
Magic:  2/2        EV: 10    Int: 11    God:
Gold:   39         SH:  0    Dex: 14    Spells: 1/1 levels left

rFire    . . .     SeeInvis .   e - +0 hunting sling
rCold    . . .     Faith    .   (no shield)
rNeg     . . .     Spirit   .   h - +0 scale mail
rPois    .         Reflect  .   (no helmet)
rElec    .         Harm     .   (no cloak)
rCorr    .         Rampage  .   (no gloves)
Will     .....                  (no boots)
Stlth    ++........             (no amulet)
HPRegen  0.08/turn              (no ring)
MPRegen  0.08/turn              (no ring)

@: corroded
A: sturdy frame 1
a: no special abilities


You were on level 5 of the Dungeon.
You visited 1 branch of the dungeon, and saw 2 of its levels.

You collected 39 gold pieces.

Inventory:

Hand Weapons
 a - a +0 hand axe
 e - a +0 hunting sling (weapon)
Missiles
 j - 4 stones (quivered ammo)
Armour
 b - a +0 leather armour
 h - a +0 scale mail (worn)
Wands
 g - a wand of digging (2)
Scrolls
 d - a scroll of magic mapping
 l - 2 scrolls of teleportation
Potions
 f - a potion of haste
 i - a potion of degeneration
 k - a potion of brilliance


   Skills:
 - Level 3.0 Fighting
 + Level 2.7 Axes
 - Level 1.7 Dodging
 - Level 4.5 Stealth


You had one spell level left.
You didn't know any spells.
Your spell library was empty.

Dungeon Overview and Level Annotations

Branches:
Dungeon (6/15)
 Temple: D:4-7

Altars:

Annotations:
D:5 Duvessa, Ijyb


Innate Abilities, Weirdness & Mutations

Your movements are slightly less encumbered by armour. (ER -2)


Message History

You start removing your armour.
You continue taking off your +0 leather armour. x4
You finish taking off your +0 leather armour.
You start putting on your armour.
You continue putting on your +0 scale mail. x5
You finish putting on your +0 scale mail.
j - 5 stones (gained 1)
There is a stone staircase leading down here.
Found a stone staircase leading up.
e - a +0 hunting sling (weapon)
A frilled lizard comes into view.
Fire: 5 stones
Press: ? - help, Q - select action Shift-Dir - straight line, f - frilled lizard
Aim: a frilled lizard (asleep, 98% to hit)
You shoot a stone. The stone hits the frilled lizard.
You kill the frilled lizard!
Fire: 4 stones
Press: ? - help, Q - select action Shift-Dir - straight line, f - you Really target yourself?
Okay, then.
There is a stone staircase leading up here.
Ijyb the Twisted Goblin comes into view.
She is wielding a +0 dagger of protection and carrying a wand of acid (8).
Ijyb shouts!
You see here a stone.
Okay, then.
Okay, then.
Okay, then.
Okay, then.
As you read the scroll of fog, it crumbles to dust.
The scroll dissolves into smoke.
Ijyb barely misses you.
There is a stone staircase leading up here.
As you read the scroll of teleportation, it crumbles to dust.
You feel strangely unstable.
Ijyb zaps a wand.
The bolt of acid hits you! The acid corrodes you!
You are splashed with acid!
You take 16 damage, and have 8/24 hp.
MASSIVE DAMAGE!!
Your surroundings seem slightly different.
Found a stone staircase leading up.
Ijyb zaps a wand.
The bolt of acid hits you!!
Ouch! That really hurt!
You die...

..8... ..... .... ...##
...# ### ..# # ..# #.#
#.##§#
.#######.####§§§§#
.......@....§§##§#
#.###.#<.#..§§##§#######
.....##.§g.§g§§§.....
#####....§..§§§#######
#####.####§# #.. ..#
########


You could see Ijyb.

Vanquished Creatures
  An adder (D:5)
  2 orcs (D:5)
  A frilled lizard (D:5)
4 creatures vanquished.

Notes
Turn   | Place    | Note
-------+----------+-------------------------------------------
     0 | D:5      | jasper the Demonspawn Delver began the quest for the Orb.
     0 | D:5      | Reached XP level 1. HP: 18/18 MP: 1/1
   227 | D:5      | Noticed Duvessa
   380 | D:5      | Gained mutation: Your movements are slightly less
                  | encumbered by armour. (ER -2) [demonic ancestry]
   380 | D:5      | Reached XP level 2. HP: 21/24 MP: 2/2
   899 | D:5      | Noticed Ijyb
   908 | D:5      | Killed from afar by Ijyb

Illustrated notes

Levels and vault maps discovered:
D:5:      layout_loops_cross, minmay_pentangle, uniq_edmund, uniq_ijyb,
          uniq_duvessa
D:6:      layout_basic, minitemple, uniq_pikel

Skill      XL: |  1 |
---------------+----+-----
Axes           | 2 |  2.7
Fighting       | |  3.0
Dodging        | |  1.7
Stealth        | |  4.5

Action                   || total
-------------------------++-------
Melee: Hand axe          ||    11
 Fire: Hunting sling     ||     8
Evoke: Wand              ||     1
  Use: Scroll            ||     8
       Potion            ||     1
Armor: Leather armour    ||     1
Dodge: Dodged            ||     9

Table legend: (Time is in decaauts)
 A = Elapsed time spent in this place.
 B = Non-inter-level travel time spent in this place.
 C = Inter-level travel time spent in this place.
 D = Time resting spent in this place.
 E = Time spent auto-exploring this place.
 F = Levels seen in this place.
 G = Mean time per level.
                   A        B        C        D        E       F      G
               +--------+--------+--------+--------+--------+-----+--------+
         Total |    909 |    898 |     11 |    438 |    276 |   2 |  454.5 |
       Dungeon |    909 |    898 |     11 |    438 |    276 |   2 |  454.5 |
               +--------+--------+--------+--------+--------+-----+--------+

Top non-repeatable levels by time:
     D:5: 842 daAuts
     D:6: 66 daAuts
